 Dungeon Crawl Stone Soup version 0.26-a0-651-gb41185065b (webtiles) character file.

Game seed: 4662147899027361284

35254 Mesmaeker13 the Convoker (level 13, -27/63 HPs)
             Began as a Deep Elf Summoner on Oct 2, 2020.
             Was a Believer of Fedhas.
             Annihilated by an ettin
             ... wielding a +0 dire flail
              (43 damage)
             ... on level 1 of the Orcish Mines.
             The game lasted 01:11:52 (30424 turns).

Mesmaeker13 the Convoker (Deep Elf Summoner)       Turns: 30424, Time: 01:11:52

Health: -27/63     AC: 17    Str:  9    XL:     13   Next: 46%
Magic:  8/25       EV: 21    Int: 28    God:    Fedhas [**....]
Gold:   877        SH:  0    Dex: 13    Spells: 1/26 levels left

rFire    + . .     SeeInvis .   V - +6 rapier "Eluff" {protect, rElec rPois Str+3 Dex-2}
rCold    + . .     Faith    .   (no shield)
rNeg     . . .     Spirit   .   Q - +2 leather armour {rF+}
rPois    +         Reflect  .   T - +2 hat {Int+3}
rElec    +         Harm     .   s - +1 cloak {rCorr}
rCorr    +         Rampage  .   (no gloves)
MR       +....                  a - +0 pair of boots
Stlth    ++........             R - amulet of regeneration
HPRegen  0.60/turn              F - ring of protection from cold
MPRegen  0.19/turn              A - +4 ring of evasion

@: protection aura
A: no striking features
a: Wall of Briars, Renounce Religion


You were on level 1 of the Orcish Mines.
You worshipped Fedhas.
Fedhas was pleased with you.
You visited 4 branches of the dungeon, and saw 20 of its levels.

You collected 1503 gold pieces.
You spent 524 gold pieces at shops.
You donated 102 gold pieces to Zin.

Inventory:

Hand Weapons
 V - the +6 rapier "Eluff" (weapon) {protect, rElec rPois Str+3 Dex-2}
   (You found it on level 3 of the Lair of Beasts)

   It grants its wielder temporary protection when it strikes (+7 to AC).
   It affects your strength (+3).
   It affects your dexterity (-2).
   It insulates you from electricity.
   It protects you from poison.
Missiles
 L - 7 curare-tipped darts (quivered)
 S - 3 throwing nets
Armour
 a - a +0 pair of boots (worn)
 f - a +0 kite shield
 s - a +1 cloak of preservation (worn)
 Q - a +2 leather armour of fire resistance (worn)
 T - a +2 hat of intelligence (worn)
Jewellery
 k - an uncursed ring of protection from fire
 m - an uncursed ring of wizardry
 q - the ring of the Present {rPois rF+ rC+ rN+ Int-5}
   (You took it off a big kobold on level 8 of the Dungeon)

   [ring of positive energy]

   It affects your intelligence (-5).
   It protects you from fire.
   It protects you from cold.
   It protects you from poison.
   It protects you from negative energy.
 A - a +4 ring of evasion (right hand)
 F - a ring of protection from cold (left hand)
 R - an amulet of regeneration (around neck)
Wands
 j - a wand of iceblast (1)
 P - a wand of digging (11)
Scrolls
 e - a scroll of summoning {unknown}
 g - 11 scrolls of remove curse
 h - 3 scrolls of magic mapping
 l - 4 scrolls of fog
 n - a scroll of amnesia
 o - 5 scrolls of teleportation
 v - 2 scrolls of enchant armour {unknown}
 w - 4 scrolls of noise
 y - 4 scrolls of fear
 E - 4 scrolls of immolation {unknown}
 H - 3 scrolls of blinking
 N - a scroll of brand weapon {unknown}
 O - a scroll of torment {unknown}
Potions
 b - 5 potions of might
 c - 4 potions of heal wounds
 d - 2 potions of stabbing {unknown}
 i - 3 potions of haste {unknown}
 p - 4 potions of magic
 t - 2 potions of flight {unknown}
 x - a potion of resistance {unknown}
 K - 2 potions of curing
 M - 3 potions of brilliance {unknown}
Miscellaneous
 z - a phantom mirror (inert)
 J - a lightning rod (2/4)


   Skills:
 - Level 9.8 Dodging
 - Level 2.4 Stealth
 + Level 10.3 Shields
 - Level 7.0 Spellcasting
 - Level 15.1 Summonings
 + Level 4.2 Translocations
 - Level 8.1 Ice Magic
 - Level 7.2 Air Magic


You had one spell level left.
You knew the following spells:

 Your Spells              Type           Power        Failure   Level
a - Summon Ice Beast      Ice/Summ       ######..     1%          4
b - Malign Gateway        Summ/Tloc      ######....   77%         7
c - Call Canine Familiar  Summ           #######.     1%          3
d - Summon Lightning Spi  Summ/Air       ######..     1%          4
e - Monstrous Menagerie   Summ           #######...   13%         7

Your spell library contained the following spells:

 Spells                   Type           Power        Failure   Level
 Summon Small Mammal      Summ           ####         0%          1
 Corona                   Hex            #......      8%          1
 Magic Dart               Conj           #...         8%          1
 Blink                    Tloc           N/A          1%          2
 Call Imp                 Summ           #######.     1%          2
 Summon Guardian Golem    Hex/Summ       ######..     1%          3
 Corpse Rot               Necr/Air       N/A          2%          2
 Mephitic Cloud           Conj/Pois/Air  ###.....     9%          3
 Portal Projectile        Hex/Tloc       ###...       10%         3
 Searing Ray              Conj           #.....       12%         2
 Slow                     Hex            #.......     12%         2
 Sublimation of Blood     Necr           #.........   12%         2
 Summon Greater Demon     Summ           #######...   13%         7
 Conjure Flame            Conj/Fire      #.......     22%         3
 Dazzling Flash           Conj/Hex       #.....       22%         3
 Inner Flame              Hex/Fire       #.......     22%         3
 Iskenderun's Mystic Bla  Conj/Tloc      ###.....     32%         4
 Cause Fear               Hex            #.........   58%         4
 Dispel Undead            Necr           #.......     58%         4
 Fulminant Prism          Conj/Hex       #.........   58%         4
 Leda's Liquefaction      Hex/Erth       #.........   58%         4
 Summon Horrible Things   Summ           #######...   71%         8
 Agony                    Necr           #.......     91%         5
 Bolt of Magma            Conj/Fire/Erth #.........   91%         5
 Excruciating Wounds      Necr           #.........   91%         5
 Irradiate                Conj/Tmut      #.........   91%         5
 Iskenderun's Battlesphe  Conj           #.......     91%         5
 Spellforged Servitor     Conj/Summ      ######....   96%         7
 Hydra Form               Tmut           #.........   100%        6
 Iron Shot                Conj/Erth      #.........   100%        6
 Statue Form              Tmut/Erth      #........    100%        6
 Dragon Form              Tmut           #.........   100%        7
 Orb of Destruction       Conj           #.........   100%        7


Dungeon Overview and Level Annotations

Branches:
Dungeon (12/15)            Temple (1/1) D:5            Lair (6/6) D:10
 Shoals (0/4) Lair:3        Snake (0/4) Lair:2        Slime (0/5) Lair:6
    Orc (1/2) D:12

Altars:
Ashenzari
Cheibriados
Dithmenos
Elyvilon
Fedhas
Gozag
Hepliaklqana
Kikubaaqudgha
Makhleb
Nemelex Xobeh
Okawaru
Qazlal
Ru
Sif Muna
Trog
Uskayaw
Vehumet
Wu Jian
Xom
Yredelemnul
Zin
The Shining One
Beogh

Shops:
D:5 [   D:6 [[(}[   D:8 [   D:9 ?   D:10 (


Message History

The ettin hits you with a +0 dire flail!
Things that are here:
a +0 short sword; a +0 bardiche; a +0 chain mail You hit the ettin.
Your weapon exudes an aura of protection.
The ettin is almost dead.
The ettin completely misses you. The ettin hits you but does no damage.
Unknown command.
You barely miss the ettin.
The ettin is almost dead.
The ettin misses you. The ettin closely misses you.
You hit the ettin.
The ettin is almost dead.
The ettin hits you with a +0 dire flail!!!
Ouch! That really hurt!
* * * LOW HITPOINT WARNING * * *
The ettin hits you with a +0 dire flail!!!
Ouch! That really hurt!
You die...
Fedhas appreciates your contribution to the ecosystem.

####. #..#.## ....# #.....#
#...###....## ### #...#..)...#
.#. #.)..##.## ####... #8)..#
#######.#...# ##o### ##.##.......
##C#)####...##.††...
#.)@))...........#.. #
##.#)).........)## ###
###.))†.._.)....## ..##
#.##..)..........#. ...#
##########.#......)).......
..#####.....#.#..##.###)).#..##..
...#.#............####...##### ..
[...#..........#....#..#..# .
)...)..........##.....#...... .


You could see an ettin, an orc and a friendly lightning spire (summoned).

Vanquished Creatures
  An orc warlord (Orc:1)
  An ogre mage (D:12)
  A two-headed ogre (D:12)
  A centaur warrior (D:10)
  An elephant (Lair:6)
  A black mamba (Lair:6)
  A komodo dragon (Lair:6)
  A troll (D:12)
  A polar bear (Lair:5)
  3 blink frogs
  A dream sheep (Lair:6)
  A hippogriff (Lair:3)
  2 yaks
  A centaur simulacrum (D:10)
  A fire bat (Lair:6)
  A warg (Orc:1)
  A water moccasin (Lair:6)
  A soldier ant (D:12)
  A porcupine (Lair:2)
  A nameless horror (D:5)
  3 ice beasts
  An orc warrior (D:10)
  3 wolves (Lair:4)
  3 centaurs
  2 crocodiles
  10 bullfrogs
  2 scorpions
  A bullfrog zombie (D:11)
  A centaur zombie (D:10)
  A quasit (D:8)
  5 jellies
  4 orc wizards
  A bullfrog skeleton (D:11)
  3 orc priests
  3 iguanas
  A hound zombie (D:11)
  A hound skeleton (D:5)
  5 adders
  2 white imps
  An adder skeleton (D:4)
  2 dart slugs
  2 leopard geckos
  16 orcs
  2 goblins (D:2)
  4 hobgoblins
  A jackal (D:5)
  7 kobolds
  4 quokkas
  A ball python (D:5)
  7 bats
  2 frilled lizards
  A giant cockroach zombie (D:4)
  A jackal zombie (D:7)
  A quokka zombie (D:6)
  2 rats
  A rat zombie (D:6)
130 creatures vanquished.

Vanquished Creatures (collateral kills)
  Gastronok (Lair:2)
  Kirke (Lair:5)
  5 dire elephants (Lair:6)
  Harold (Lair:1)
  An anaconda (Lair:6)
  2 hydras
  A centaur warrior (D:10)
  4 two-headed ogres
  A death yak (Lair:2)
  2 unseen horrors
  Pikel (D:4)
  An oklob plant (Lair:3)
  An orc sorcerer (Orc:1)
  2 ugly things (D:12)
  3 manticores
  16 elephants
  A centaur zombie (D:10)
  4 black mambas
  A gargoyle (D:11)
  9 cane toads
  A torpor snail (Lair:2)
  A rime drake (Lair:2)
  A kobold demonologist (D:10)
  10 komodo dragons
  4 trolls
  23 blink frogs
  A hornet (D:8)
  Prince Ribbit (D:6)
  9 dream sheep
  7 hippogriffs
  A centaur simulacrum (D:10)
  A wraith (D:10)
  A fire bat (Lair:6)
  3 wyverns
  2 basilisks
  11 yaks
  2 hogs (Lair:5)
  Menkaure (D:4)
  2 wargs (Orc:1)
  8 water moccasins
  6 porcupines
  12 orc warriors
  A swamp drake (D:12)
  2 sky beasts
  An eye of draining (D:11)
  2 ice beasts
  A necrophage (D:7)
  A phantom (D:8)
  7 wolves
  3 black bears
  13 ogres
  16 centaurs
  3 lemures (D:4)
  10 crocodiles
  8 bullfrogs
  4 big kobolds
  A water moccasin zombie (D:7)
  6 scorpions
  A wight (D:7)
  2 howler monkeys (D:7)
  An electric eel (D:10)
  2 bullfrog zombies
  9 jellies
  9 orc priests
  2 centaur skeletons
  Crazy Yiuf (D:6)
  4 bullfrog skeletons
  3 hounds
  4 iguanas
  Natasha (thrice) (D:4)
  7 orc wizards
  7 worker ants
  A bullfrog simulacrum (D:10)
  A hound zombie (D:6)
  A hound skeleton (D:5)
  15 adders
  3 shadow imps
  A white imp (D:10)
  3 ufetubi
  4 oozes
  An adder zombie (D:10)
  2 worms
  3 leopard geckos
  40 orcs
  5 bats
  7 giant cockroaches
  2 goblins
  4 hobgoblins
  5 jackals
  18 kobolds
  4 quokkas
  3 frilled lizards
  A quokka skeleton (D:5)
  2 rats
426 creatures vanquished.

Vanquished Creatures (others)
  An elephant (Lair:5)
  A human (Lair:5)
  A wolf (Lair:4)
  38 fungi
  35 plants
76 creatures vanquished.

Grand Total: 632 creatures vanquished

Notes
Turn   | Place    | Note
-------+----------+-------------------------------------------
     0 | D:1      | Mesmaeker13 the Deep Elf Summoner began the quest for the
                  | Orb.
     0 | D:1      | Reached XP level 1. HP: 10/10 MP: 6/6
   758 | D:1      | Reached XP level 2. HP: 11/15 MP: 6/8
  1941 | D:2      | Learned a level 2 spell: Call Imp
  2056 | D:2      | Reached XP level 3. HP: 19/19 MP: 10/10
  3235 | D:2      | Reached skill level 5 in Summonings
  3475 | D:2      | Found a blossoming altar of Fedhas.
  3475 | D:2      | Found an iron altar of Okawaru.
  3482 | D:2      | Reached XP level 4. HP: 24/24 MP: 9/12
  3485 | D:2      | Found a faded altar of an unknown god.
  3487 | D:2      | Found a faded altar of an unknown god.
  3488 | D:2      | Found a snail-covered altar of Cheibriados.
  4787 | D:4      | Learned a level 3 spell: Call Canine Familiar
  4987 | D:4      | Noticed a lemure
  4988 | D:4      | Noticed a lemure
  4994 | D:4      | Noticed Pikel
  5020 | D:4      | Noticed a lemure
  5022 | D:4      | Noticed a lemure
  5145 | D:4      | Reached XP level 5. HP: 28/28 MP: 7/14
  5148 | D:4      | Noticed an ogre
  5153 | D:4      | Killed an ogre
  5153 | D:4      | Reached skill level 5 in Spellcasting
  5407 | D:4      | Killed a lemure
  5409 | D:4      | Noticed Natasha
  5455 | D:5      | Entered Level 5 of the Dungeon
  5696 | D:5      | Reached XP level 6. HP: 17/32 MP: 10/16
  6223 | D:5      | Reached skill level 5 in Dodging
  6822 | D:5      | Found Xeutwoh's Armour Boutique.
  6827 | D:5      | Reached skill level 6 in Summonings
  6880 | D:5      | Bought a +1 cloak of preservation for 181 gold pieces
  6892 | D:5      | Noticed a sky beast
  6928 | D:5      | Found a staircase to the Ecumenical Temple.
  6938 | D:5      | Killed a sky beast
  7074 | D:5      | Found a glowing silver altar of Zin.
  7458 | D:5      | Found a stormy altar of Qazlal.
  7484 | Temple   | Entered the Ecumenical Temple
  7724 | D:5      | Became a worshipper of Zin the Law-Giver
  7847 | D:6      | Noticed Prince Ribbit
  7884 | D:4      | Killed Natasha
  7926 | D:4      | Noticed Natasha
  7931 | D:4      | Killed Natasha
  7942 | D:4      | Noticed Natasha
  7949 | D:4      | Killed Natasha
  8154 | D:4      | Found a bloodstained altar of Trog.
  8200 | D:4      | Found a shimmering altar of Xom.
  8353 | D:4      | Noticed Menkaure
  8370 | D:4      | Killed Menkaure
  8370 | D:4      | Reached XP level 7. HP: 19/36 MP: 10/18
  8471 | D:4      | Killed Pikel
  8735 | D:4      | Learned a level 4 spell: Summon Ice Beast
  8765 | D:6      | Noticed a nameless horror
  8775 | D:5      | Killed a nameless horror
  8944 | D:6      | Reached skill level 7 in Summonings
  9013 | D:6      | Found a runed translucent door.
  9014 | D:6      | Noticed Crazy Yiuf
  9023 | D:6      | Killed Crazy Yiuf
  9023 | D:6      | Reached skill level 1 in Ice Magic
  9179 | D:6      | Killed Prince Ribbit
  9357 | D:6      | Found Zyl Dani's Gadget Shoppe.
 10028 | D:6      | Found Tiseerus's Antique Armour Emporium.
 10060 | D:6      | Reached * piety under Zin
 10094 | D:6      | Reached XP level 8. HP: 41/41 MP: 18/20
 10214 | D:6      | Found Emucvut's Weapon Boutique.
 10420 | D:6      | Found an ornate altar of the Wu Jian Council.
 10490 | D:6      | Found Demazxib's Armour Boutique.
 10644 | D:6      | Found Ojeoc's Armour Shop.
 11702 | D:7      | Reached skill level 8 in Summonings
 12034 | D:7      | Reached ** piety under Zin
 13421 | D:8      | Reached skill level 5 in Ice Magic
 13421 | D:8      | Reached XP level 9. HP: 45/45 MP: 21/21
 13587 | D:8      | Found a shadowy altar of Dithmenos.
 13676 | D:8      | Identified the ring of the Present {rPois rF+ rC+ rN+
                  | Int-5}
 13747 | D:8      | Reached skill level 9 in Summonings
 13907 | D:8      | Reached *** piety under Zin
 13987 | D:8      | Noticed a manticore
 14004 | D:8      | Killed a manticore
 14181 | D:8      | Found Juatodgho's Armour Emporium.
 15132 | D:9      | Found Etoud's Magic Scroll Emporium.
 15230 | D:9      | Noticed a troll
 15244 | D:9      | Killed a troll
 16082 | D:10     | Entered Level 10 of the Dungeon
 16082 | D:10     | Found a staircase to the Lair.
 16243 | D:10     | Reached skill level 1 in Shields
 16243 | D:10     | Reached skill level 10 in Summonings
 16272 | D:10     | Noticed a two-headed ogre
 16284 | D:10     | Killed a two-headed ogre
 16284 | D:10     | Reached XP level 10. HP: 50/50 MP: 12/22
 16361 | D:10     | Found Realioh's Weapon Boutique.
 16367 | D:10     | Bought 7 curare-tipped darts for 58 gold pieces
 16599 | D:10     | Reached **** piety under Zin
 16796 | D:10     | Noticed a centaur warrior
 16814 | D:10     | Noticed a centaur warrior
 16817 | D:10     | Noticed a centaur warrior
 17070 | D:10     | Noticed a smoke demon
 17277 | D:10     | Learned a level 4 spell: Summon Lightning Spire
 17609 | D:10     | Killed an unseen horror
 17609 | D:10     | Reached skill level 1 in Air Magic
 17756 | D:6      | Bought a +2 leather armour of fire resistance for 285 gold
                  | pieces
 17972 | Lair:1   | Entered Level 1 of the Lair of Beasts
 17983 | Lair:1   | Noticed a black mamba
 18008 | Lair:1   | Killed a black mamba
 18208 | Lair:1   | Reached skill level 11 in Summonings
 18484 | Lair:1   | Noticed Harold
 18540 | Lair:1   | Killed Harold
 19030 | Lair:1   | Reached ***** piety under Zin
 19143 | Lair:1   | Noticed a cane toad
 19149 | Lair:1   | Killed a cane toad
 19492 | Lair:1   | Noticed a cane toad
 19502 | Lair:1   | Killed a cane toad
 19703 | Lair:2   | Noticed a torpor snail
 19704 | Lair:2   | Noticed a cane toad
 19704 | Lair:2   | Noticed a death yak
 19706 | Lair:2   | Noticed a six-headed hydra
 19719 | Lair:2   | HP: 1/50 [rime drake/flash freeze (27)]
 19721 | Lair:2   | Killed a six-headed hydra
 19721 | Lair:2   | Reached XP level 11. HP: 31/54 MP: 16/23
 20050 | Lair:2   | Learned a level 7 spell: Monstrous Menagerie
 20136 | Lair:2   | Killed a death yak
 20136 | Lair:2   | Reached skill level 5 in Shields
 20227 | Lair:2   | Found a staircase to the Snake Pit.
 20803 | Lair:2   | Noticed Gastronok
 20813 | Lair:2   | Killed Gastronok
 20813 | Lair:2   | Reached skill level 12 in Summonings
 20813 | Lair:2   | Reached skill level 5 in Air Magic
 21059 | Lair:3   | Found a staircase to the Shoals.
 21202 | Lair:3   | Got a transparent rapier
 21204 | Lair:3   | Identified the +6 rapier "Eluff" {protect, rElec rPois
                  | Str+3 Dex-2} (You found it on level 3 of the Lair of
                  | Beasts)
 21213 | Lair:3   | Got a twisted chain mail
 21550 | Lair:3   | Noticed a six-headed hydra
 21558 | Lair:3   | Killed a six-headed hydra
 22032 | Lair:3   | Noticed an oklob plant
 22541 | Lair:3   | Killed an oklob plant
 22945 | Lair:4   | Identified the +1 chain mail of Salvation {rC++ Str-2} (You
                  | found it on level 3 of the Lair of Beasts)
 23551 | Lair:5   | Noticed Kirke
 23559 | Lair:5   | Killed Kirke
 23559 | Lair:5   | Reached XP level 12. HP: 59/59 MP: 15/24
 23808 | Lair:5   | Reached skill level 13 in Summonings
 24697 | Lair:6   | Entered Level 6 of the Lair of Beasts
 25258 | Lair:6   | Found a frozen archway.
 25605 | Lair:6   | Reached skill level 14 in Summonings
 26008 | Lair:6   | Found a staircase to the Slime Pits.
 26711 | Lair:6   | Noticed an anaconda
 26723 | Lair:6   | Killed an anaconda
 26726 | Lair:6   | Noticed a dire elephant
 26735 | Lair:6   | Killed a dire elephant
 26854 | Lair:6   | Noticed a dire elephant
 26854 | Lair:6   | Noticed a dire elephant
 26901 | Lair:6   | Noticed a dire elephant
 26909 | Lair:6   | Killed a dire elephant
 26918 | Lair:6   | Noticed a dire elephant
 26928 | Lair:6   | Killed a dire elephant
 26988 | Lair:6   | Killed a dire elephant
 27116 | Lair:6   | Killed a dire elephant
 27116 | Lair:6   | Reached XP level 13. HP: 63/63 MP: 7/25
 28051 | D:11     | Reached skill level 15 in Summonings
 28232 | D:11     | Reached ****** piety under Zin
 28804 | D:2      | Fell from the grace of Zin
 28804 | D:2      | Became a worshipper of Fedhas Madash
 28814 | D:2      | Learned a level 7 spell: Malign Gateway
 29142 | D:12     | Reached skill level 1 in Translocations
 29242 | D:12     | Found a blossoming altar of Fedhas.
 29290 | D:12     | Reached skill level 10 in Shields
 29632 | D:12     | Reached * piety under Fedhas
 29823 | D:12     | Found a staircase to the Orcish Mines.
 30006 | Orc:1    | Entered Level 1 of the Orcish Mines
 30165 | Orc:1    | Found a roughly hewn altar of Beogh.
 30266 | Orc:1    | Noticed an orc warlord
 30280 | Orc:1    | Killed an orc warlord
 30288 | Orc:1    | Reached ** piety under Fedhas
 30405 | Orc:1    | Noticed an ettin
 30424 | Orc:1    | Annihilated by an ettin

Illustrated notes

Levels and vault maps discovered:
D:1:      lightli_iron_boxes, layout_basic, minmay_tiny_reverse_x
D:2:      layout_basic, chequers_temple_overflow_minitemple, minmay_pentomino_r4
D:3:      minmay_angry_zag, layout_loops_cross, grunt_ministairs_8
D:4:      layout_basic, overflow_temple_1_default, xom_teletrap_fun,
          uniq_natasha, uniq_pikel, uniq_menkaure
D:5:      layout_cave_pools, grunt_qazlal_clouds, temple_fountains,
          serial_shops, shop, basic_altar, grunt_decor_clamped,
          minmay_chambers_of_fives
D:6:      layout_cave_pods, nicolae_overflow_crystal_walls, serial_shops,
          kennysheep_little_box, nicolae_shop_behind_doors, shop, shop,
          nicolae_shop_behind_doors, enter_ossuary_4, uniq_crazy_yiuf_cottage,
          uniq_prince_ribbit1
D:7:      minmay_razor_zed, layout_loops_ring, kennysheep_generic_room_7
D:8:      layout_rooms, grunt_dithmenos_smoke, serial_shops, shop,
          eino_small_chamber_without_monster
D:9:      layout_stronghold, serial_shops, nicolae_shop_crystal
D:10:     layout_irregular_city, lair_entry_dummy, serial_ice, serial_ice_m,
          serial_ice_l, serial_ice_e, serial_ice_a, serial_ice_n, serial_ice_d,
          serial_ice_h, serial_shops, shop, minmay_diamond_spiral
D:11:     layout_rooms
D:12:     layout_roguey, erik_orc_1, fedhas_altar_2
Temple:   dpeg_chambers_temple
Lair:1:   layout_concentric_octagons, minivault_27,
          chequers_serial_rivers_small_3, uniq_harold
Lair:2:   layout_chaotic_city, dummy_snake_entry, uniq_gastronok
Lair:3:   layout_cellular_growth, minmay_shoals_entry_beasts,
          chequers_serial_rivers_micro_e
Lair:4:   layout_loops_ring
Lair:5:   layout_gridlike, uniq_kirke
Lair:6:   due_jungle_book, layout_gridlike, minmay_slime_entry_jelly_boxes,
          portal_ice_cave_entry_pillars_1, lightli_volcano_entry_magma_tube,
          minivault_11
Orc:1:    layout_diamond_mine, mines2_david

Skill      XL: |  1  2  3  4  5  6  7  8  9 10 11 12 13 |
---------------+----------------------------------------+-----
Dodging        | 3 4 5 6 8 9 |  9.8
Spellcasting   | 4 5 6 7 |  7.0
Summonings     | 5 6 7 8 10 11 12 14 15 | 15.1
Ice Magic      | 2 5 7 8 |  8.1
Shields        | 2 4 6 9 10 | 10.3
Air Magic      | 4 7 |  7.2
Translocations | 4 |  4.2
Stealth        | |  2.4

Action                   |  1- 3 |  4- 6 |  7- 9 | 10-12 | 13-15 || total
-------------------------+-------+-------+-------+-------+-------++-------
Melee: Dagger            |    58 |       |       |       |       ||    58
       Spear             |    36 |   158 |    41 |       |       ||   235
       Short sword       |       |       |   166 |   101 |       ||   267
       Rapier            |       |       |       |   230 |   147 ||   377
 Cast: Summon Small Mamm |    44 |     3 |       |       |       ||    47
       Call Imp          |    19 |    50 |       |       |       ||    69
       Call Canine Famil |       |    20 |    46 |    61 |    11 ||   138
       Summon Ice Beast  |       |       |    50 |   142 |    20 ||   212
       Summon Lightning  |       |       |       |     9 |    27 ||    36
       Monstrous Menager |       |       |       |    10 |     4 ||    14
Evoke: Wand              |       |       |    27 |    38 |     9 ||    74
       Lightning rod     |       |       |       |     4 |     2 ||     6
       Phantom mirror    |       |       |       |     1 |       ||     1
  Use: Scroll            |     2 |     5 |     7 |    11 |     2 ||    27
       Potion            |       |     1 |     1 |     2 |       ||     4
 Stab: Distracted        |     1 |     3 |     7 |     2 |     3 ||    16
       Sleeping          |     3 |     6 |     4 |     1 |       ||    14
       Paralysed         |       |       |       |     8 |       ||     8
Armor: Robe              |    25 |    23 |    14 |       |       ||    62
       Troll leather arm |       |       |     6 |    14 |       ||    20
       Leather armour    |       |       |       |    83 |    53 ||   136
Dodge: Dodged            |   101 |   100 |   221 |   453 |   215 ||  1090

Table legend: (Time is in decaauts)
 A = Elapsed time spent in this place.
 B = Non-inter-level travel time spent in this place.
 C = Inter-level travel time spent in this place.
 D = Time resting spent in this place.
 E = Time spent auto-exploring this place.
 F = Levels seen in this place.
 G = Mean time per level.
                   A        B        C        D        E       F      G
               +--------+--------+--------+--------+--------+-----+--------+
         Total |  30596 |  28679 |   1917 |   9270 |  13082 |  20 | 1529.8 |
       Dungeon |  20414 |  19104 |   1310 |   7494 |   7444 |  12 | 1701.2 |
        Temple |    211 |    189 |     22 |      0 |    188 |   1 |  211.0 |
          Lair |   9547 |   8963 |    584 |   1701 |   5262 |   6 | 1591.2 |
  Orcish Mines |    423 |    423 |      0 |     75 |    188 |   1 |  423.0 |
               +--------+--------+--------+--------+--------+-----+--------+

Top non-repeatable levels by time:
     D:5: 2833 daAuts
    D:10: 2264 daAuts
     D:7: 2221 daAuts
  Lair:6: 2184 daAuts
     D:1: 1914 daAuts
  Lair:1: 1892 daAuts
     D:6: 1859 daAuts
     D:2: 1828 daAuts
     D:9: 1750 daAuts
  Lair:5: 1656 daAuts
     D:4: 1639 daAuts
  Lair:3: 1613 daAuts
  Lair:2: 1262 daAuts
     D:8: 1213 daAuts
     D:3: 1156 daAuts
